 Dungeon Crawl Stone Soup version 0.27.1 (webtiles) character file.

Game seed: 2194468866403317705

385 Malachi the Stinger (level 6, -7/38 HPs)
             Began as an Octopode Transmuter on Aug 26, 2021.
             Mangled by an orc priest (8 damage)
             ... on level 4 of the Dungeon.
             The game lasted 00:08:04 (4743 turns).

Malachi the Stinger (Octopode Transmuter)           Turns: 4743, Time: 00:08:04

Health: -7/38      AC:  1    Str: 10    XL:     6   Next: 77%
Magic:  9/9        EV: 13    Int: 17    God:
Gold:   104        SH:  0    Dex: 12    Spells: 5/9 levels left

rFire    . . .     SeeInvis .   m - +5 short sword
rCold    . . .     Faith    .   (no shield)
rNeg     . . .     Spirit   .   (helmet currently unavailable)
rPois    .         Reflect  .   (no amulet)
rElec    .         Harm     .   (no ring)
rCorr    .         Rampage  .   (no ring)
Will     .....                  (no ring)
Stlth    ++........             (no ring)
HPRegen  0.12/turn              (no ring)
MPRegen  0.11/turn              (no ring)
                                (no ring)
                                (no ring)

@: mighty, appendages
A: tentacle spike 3, almost no armour, amphibious, 8 rings, camouflage 1,
gelatinous body 1, (nimble swimmer 1), tentacles
a: End Transformation


You were on level 4 of the Dungeon.
One of your tentacles had grown a beastly spike.
You visited 1 branch of the dungeon, and saw 4 of its levels.

You collected 104 gold pieces.

Inventory:

Hand Weapons
 f - a +0 hunting sling
 g - a +0 dagger
 h - a +4 dagger
 m - a +5 short sword (weapon)
Missiles
 k - a throwing net
Scrolls
 c - a scroll of magic mapping
 i - 2 scrolls of teleportation
Potions
 b - a potion of curing {unknown}
 d - a potion of attraction {unknown}
 e - a potion of magic {unknown}
 j - a potion of resistance {unknown}
 n - 2 potions of cancellation
 o - 2 potions of flight {unknown}


   Skills:
 - Level 1.0 Fighting
 - Level 2.0 Dodging
 - Level 3.0 Unarmed Combat
 - Level 2.0 Spellcasting
 * Level 5.1 Transmutations
 * Level 5.4 Poison Magic


You had 5 spell levels left.
You knew the following spells:

 Your Spells              Type           Power      Damage    Failure   Level
a - Beastly Appendage     Tmut           38%        N/A       2%          1
b - Spider Form           Tmut/Pois      9%         N/A       7%          3

Your spell library contained the following spells:

 Spells                   Type           Power      Damage    Failure   Level
 Wereblood                Tmut           19%        N/A       3%          2
 Corona                   Hex            1%         N/A       19%         1
 Ensorcelled Hibernation  Hex/Ice        2%         N/A       28%         2
 Gell's Gravitas          Tloc           0%         N/A       50%         3
 Teleport Other           Tloc           1%         N/A       50%         3
 Tukima's Dance           Hex            1%         N/A       50%         3
 Ice Form                 Ice/Tmut       10%        N/A       56%         4
 Dispersal                Tloc           0%         N/A       100%        6


Dungeon Overview and Level Annotations

Branches:
Dungeon (4/15)
 Temple: D:4-7

Altars:


Innate Abilities, Weirdness & Mutations

One of your tentacles has grown a beastly spike.
You cannot wear most types of armour.
You are amphibious.
You can wear up to eight rings at the same time.
Your skin changes colour to match your surroundings (Stealth+).
Your rubbery body absorbs attacks. (AC +1, EV +1)
((You are camouflaged near water. (Stealth+)))
You have tentacles for arms and can constrict up to eight enemies at once.


Message History

Unknown command.
The orc priest begins to cast a cantrip, but forgets the words!
The orc wizard casts a spell at you. You resist with some effort.
You hit the orc wizard. You grab the orc wizard. You squeeze the orc wizard!
The orc wizard is severely wounded.
You constrict the orc wizard, but do no damage.
The orc priest looks satisfied for a moment.
The orc wizard gestures at you while chanting.
The magic dart hits you!
You hit the orc wizard. You squeeze the orc wizard.
You kill the orc wizard!
The orc priest hits you with a +0 mace.
The orc shouts!
You hit the orc priest. Your grab misses the orc priest.
You pierce the orc priest.
The orc priest is heavily wounded.
You hear a shout!
The orc priest misses you.
You barely miss the orc priest.
The orc priest shouts!
You grab the orc priest.
You pierce the orc priest, but do no damage.
The orc priest is heavily wounded.
You constrict the orc priest, but do no damage.
The orc priest hits you with a +0 mace!
Okay, then.
You hit the orc priest.
You squeeze the orc priest, but do no damage.
The orc priest is severely wounded.
You constrict the orc priest, but do no damage.
The orc priest hits you with a +0 mace!
* * * LOW HITPOINT WARNING * * *
The orc priest hits you with a +0 mace.
* * * LOW HITPOINT WARNING * * *
It was a potion of might.
You feel very mighty all of a sudden.
You constrict the orc priest, but do no damage.
The orc priest hits you from afar with a +0 trident!
You die...

..........######.#
...........#####.#
.........†.....#.#
#####.##.##########.#.#
#.....##.####...#.#.#..
#.....##.#......#...### .
#....# #.+(.....#.###
...###....###o#......#.#####
...........@oo....<...<....>
..###)...)###o......###.#.#
#.....#...........).#
#....†#.##+#######...)#
#.....#.#......# #.####
#####.#........###.#...
#.###......##.....# #.#
#......##...... #.#
#......##...##.


You could see 2 orc priests and 2 orcs.

Vanquished Creatures
  A necrophage (D:3)
  An ogre (D:1)
  An orc priest (D:3)
  2 orc wizards
  Terence (D:2)
  3 adders
  An ufetubus (D:4)
  A worm (D:3)
  4 dart slugs
  3 orcs (D:3)
  3 bats
  8 endoplasms
  2 giant cockroaches (D:1)
  7 goblins
  4 hobgoblins
  9 kobolds
  A quokka (D:1)
  7 ball pythons
  2 frilled lizards
  9 rats
70 creatures vanquished.

Notes
Turn   | Place    | Note
-------+----------+-------------------------------------------
     0 | D:1      | Malachi the Octopode Transmuter began the quest for the
                  | Orb.
     0 | D:1      | Reached XP level 1. HP: 13/13 MP: 3/3
   246 | D:1      | Reached skill level 1 in Poison Magic
   248 | D:1      | Reached XP level 2. HP: 18/18 MP: 3/5
   956 | D:1      | Found a faded altar of an unknown god.
  1006 | D:1      | Reached XP level 3. HP: 23/23 MP: 4/6
  1030 | D:1      | Learned a level 3 spell: Spider Form
  1695 | D:2      | Noticed Terence
  1724 | D:2      | Killed Terence
  1725 | D:2      | Reached XP level 4. HP: 10/28 MP: 3/7
  2642 | D:3      | Noticed an ogre
  2828 | D:1      | Killed an ogre
  2829 | D:1      | Reached XP level 5. HP: 19/33 MP: 5/8
  3468 | D:3      | Reached XP level 6. HP: 21/38 MP: 7/9
  4009 | D:4      | Noticed a necrophage
  4030 | D:3      | Killed a necrophage
  4031 | D:3      | Reached skill level 5 in Poison Magic
  4467 | D:4      | Reached skill level 5 in Transmutations
  4742 | D:4      | HP: 1/38 [orc priest (3)]
  4743 | D:4      | Mangled by an orc priest

Illustrated notes

Levels and vault maps discovered:
D:1:      psy_arrival_conway, layout_basic,
          shapermc_ecumenical_altar_mp_urbaneastern, minmay_misc_feat_tower,
          minmay_heptomino_h4
D:2:      layout_basic, chequers_hall_statues_wall_a, st_stairs_1,
          minmay_misc_feat_five, minivault_5, kennysheep_generic_room_3,
          uniq_terence
D:3:      layout_basic, grunt_ministairs_8, kennysheep_decorative_pillar,
          chequers_serial_rivers_small_3
D:4:      layout_basic, amcnicky_altar_gilded, feat_on_display

Skill      XL: |  1  2  3  4  5  6 |
---------------+-------------------+-----
Poison Magic   | 1 2 4 5 |  5.4
Transmutations | 3 4 5 |  5.1
Fighting       | |  1.0
Dodging        | |  2.0
Unarmed Combat | |  3.0
Spellcasting   | |  2.0

Action                   |  1- 3 |  4- 6 || total
-------------------------+-------+-------++-------
Melee: Unarmed           |    40 |     4 ||    44
       Tentacles         |    11 |     7 ||    18
       Constrict         |    15 |    18 ||    33
       Kick              |     8 |    18 ||    26
       Punch             |     1 |     2 ||     3
       Short sword       |    30 |    69 ||    99
 Cast: Beastly Appendage |    16 |    17 ||    33
       Spider Form       |     1 |     1 ||     2
  Use: Scroll            |     7 |     1 ||     8
       Potion            |       |     1 ||     1
 Stab: Sleeping          |     5 |     8 ||    13
Armor: Skin              |     3 |     3 ||     6
Dodge: Dodged            |    27 |    34 ||    61
